 Dungeon Crawl Stone Soup version 0.20-a0-270-g8e735b6 (webtiles) character file.

452 Leibowitz the Cutter (level 6, -1/51 HPs)
             Began as a Demigod Gladiator on Dec 10, 2016.
             Succumbed to Leibowitz's ghost's poison
             ... on level 4 of the Dungeon.
             The game lasted 00:09:54 (3517 turns).

Leibowitz the Cutter (Demigod Gladiator)            Turns: 3517, Time: 00:09:55

Health: -1/51      AC:  5    Str: 17 (18) XL:     6   Next: 46%
Magic:  17/17      EV: 14    Int:  9 (10) God:
Gold:   156        SH:  0    Dex: 17 (18) Spells: 5/5 levels left

rFire  . . .     SeeInvis .     a - +0 rapier
rCold  . . .     Gourm    .     s - +2 animal skin
rNeg   . . .     Faith    .     (no shield)
rPois  .         Spirit   .     (helmet restricted)
rElec  .         Reflect  .     (no cloak)
rCorr  .         Harm     .     B - +0 pair of gloves
MR     .....                    (no boots)
Stlth  ++........               n - amulet of rage
                                A - ring of magical power
                                o - ring of wizardry

@: lethally poisoned (-1 -> -24)
A: horns 1, clumsy 1, dopey 1, high mp 1
a: Evoke Berserk Rage


You were on level 4 of the Dungeon.
You were hungry.

You visited 1 branch of the dungeon, and saw 4 of its levels.

You collected 156 gold pieces.

Inventory:

Hand Weapons
 a - a +0 rapier (weapon)
 b - a +0 blowgun
Missiles
 d - 2 throwing nets (quivered)
 i - 14 poisoned needles
Armour
 c - a +0 helmet
 s - a +2 animal skin (worn)
 B - a +0 pair of gloves (worn)
Jewellery
 n - an amulet of rage (around neck)
 o - a ring of wizardry (left hand)
 A - a ring of magical power (right hand)
Scrolls
 e - a scroll of enchant weapon {unknown}
 k - a scroll of recharging {unknown}
 l - 2 scrolls of identify {unknown}
 p - 2 scrolls of teleportation {unknown}
 u - 3 scrolls of noise {unknown}
 v - a scroll of remove curse {unknown}
 y - a scroll of amnesia {unknown}
Potions
 m - a potion of cancellation
 w - a potion of beneficial mutation {unknown}
 x - a potion of curing {unknown}
Books
 C - a book of Changes

   Spells                             Type                      Level
   a - Beastly Appendage              Transmutation                1
   b - Sticks to Snakes               Transmutation                2
   c - Spider Form                    Transmutation/Poison         3
   d - Ice Form                       Ice/Transmutation            4
   e - Blade Hands                    Transmutation                5
Comestibles
 f - 6 bread rations
 g - a beef jerky
 h - 2 slices of pizza
 q - 4 meat rations
 r - 3 fruits
 z - a royal jelly


   Skills:
 * Level 3.2 Fighting
 + Level 4.6 Short Blades
 + Level 1.9 Throwing
 + Level 1.4 Armour
 * Level 3.9 Dodging
 * Level 2.6 Stealth


You had 5 spell levels left.
You didn't know any spells.

Dungeon Overview and Level Annotations

Branches:
Dungeon (4/15)
 Temple: D:4-7

Annotations:
D:4 Leibowitz's ghost, amateur DgGl


Innate Abilities, Weirdness & Mutations

You have an increased reservoir of magic. (+10% MP)
You have a pair of small horns on your head.
You are clumsy. (Dex -2)
You are dopey. (Int -2)


Message History

You feel sick.
Found a meat ration.
* * * LOW HITPOINT WARNING * * *
You feel sick.
* * * LOW HITPOINT WARNING * * *
You feel sick.
It was a potion of cancellation.
You feel magically purged.
* * * LOW HITPOINT WARNING * * *
You feel sick.
It was a potion of mutation.
You feel extremely strange.
You feel stupid.
You feel clumsy. A pair of horns grows on your head!
Your +0 helmet falls away!
* * * LOW HITPOINT WARNING * * *
You feel sick. The worm barely misses you. Leibowitz's ghost hits you.
* * * LOW HITPOINT WARNING * * *
You are more poisoned.
It was a potion of degeneration.
There was something very wrong with that liquid.
You feel weakened.
You feel dopey.
You feel clumsy.
You die...

##...#
###....# ###
#......# ....
#......#
....##......#
...%.#......#
#...
#....W...###
#.#.
#..w@....#
######.#.
##.#####...#
.......#. #..#
............
#.##
#..........
#.#
##..........
#.#
##...........
#.#
#............#
#.#
#.........#...
#. #.#
#.............


You could see a worm and Leibowitz's ghost.

Vanquished Creatures
  Sigmund (D:2)
  A scorpion (D:4)
  2 hounds (D:4)
  Jessica (D:2)
  Robin (D:2)
  5 adders
  An ooze (D:1)
  An adder skeleton (D:3)
  5 worms
  3 dart slugs
  4 leopard geckos
  10 bats
  A giant cockroach (D:1)
  12 goblins
  5 hobgoblins
  2 jackals (D:1)
  11 kobolds
  3 quokkas
  2 frilled lizards
  8 rats
79 creatures vanquished.

Notes
Turn   | Place    | Note
-------+----------+-------------------------------------------
     0 | D:1      | Leibowitz the Demigod Gladiator began the quest for the Orb.
     0 | D:1      | Reached XP level 1. HP: 17/17 MP: 3/3
   370 | D:1      | Reached skill level 3 in Short Blades
   370 | D:1      | Reached XP level 2. HP: 24/24 MP: 4/4
   982 | D:2      | Noticed Robin
   990 | D:2      | Reached XP level 3. HP: 29/29 MP: 5/5
  1487 | D:2      | Killed Robin
  1592 | D:2      | Found a burning altar of Makhleb.
  1714 | D:2      | Reached skill level 1 in Stealth
  1855 | D:2      | Noticed Jessica
  1874 | D:2      | Reached skill level 1 in Armour
  1874 | D:2      | Reached XP level 4. HP: 35/37 MP: 6/6
  1879 | D:2      | Killed Jessica
  1950 | D:2      | Noticed Sigmund
  1952 | D:2      | Noticed a moth of wrath
  1955 | D:2      | Found a bloodstained altar of Trog.
  1961 | D:2      | Killed Sigmund
  1961 | D:2      | Reached skill level 4 in Short Blades
  1961 | D:2      | Reached XP level 5. HP: 39/44 MP: 7/7
  2671 | D:3      | Found a radiant altar of Vehumet.
  2859 | D:3      | Found a shattered altar of Ashenzari.
  2984 | D:4      | Reached XP level 6. HP: 50/50 MP: 8/8
  2993 | D:4      | Noticed Leibowitz's ghost (amateur DgGl)
  3516 | D:4      | Gained mutation: You are dopey. (Int -2) [potion of mutation]
  3516 | D:4      | Gained mutation: You are clumsy. (Dex -2) [potion of mutation]
  3516 | D:4      | Gained mutation: You have a pair of small horns on your head. [potion of mutation]
  3516 | D:4      | HP: 1/51 [Leibowitz's ghost (3)]
  3517 | D:4      | Succumbed to Leibowitz's ghost's poison

Vault maps used:
D:1:      lemuel_arrival_behind_the_door_large
D:2:      tgw_trog, lemuel_crystal_altar, first_bread, uniq_robin, uniq_sigmund,
          uniq_jessica
D:3:      lemuel_crystal_altar, nicolae_overflow_hidden_temple
D:4:      yredelemnul_forgotten_temple_becter, uniq_menkaure

Skill      XL: |  1  2  3  4  5  6 |
---------------+-------------------+-----
Short Blades   | 3 4 |  4.6
Fighting       | 2 3 |  3.2
Dodging        | 3 |  3.9
Stealth        | 1 2 |  2.6
Armour         | 1 |  1.4
Throwing       | |  1.9

Action                   |  1- 3 |  4- 6 || total
-------------------------+-------+-------++-------
Melee: Rapier            |   146 |   141 ||   287
Throw: Throwing net      |       |     1 ||     1
  Use: Potion            |       |     3 ||     3
 Stab: Sleeping          |     4 |     4 ||     8
       Held in net/web   |       |     3 ||     3
  Eat: Chunk             |     3 |     5 ||     8
Armor: Leather armour    |    39 |       ||    39
       Animal skin       |     3 |    34 ||    37
Dodge: Dodged            |   117 |    76 ||   193
